 Dungeon Crawl Stone Soup version 0.21-a0-113-g6841d05 (webtiles) character file.

2907 zipzorp the Basher (level 10, -3/74 HPs)
             Began as a Human Fighter on July 12, 2017.
             Killed by nerve-wracking pain
             ... invoked by an orc priest
              (14 damage)
             ... on level 7 of the Dungeon.
             The game lasted 00:25:49 (5726 turns).

zipzorp the Basher (Human Fighter)                  Turns: 5726, Time: 00:25:49

Health: -3/74      AC: 19    Str: 23    XL:     10   Next: 6%
Magic:  10/10      EV:  8    Int:  8    God:
Gold:   238        SH: 14    Dex: 15    Spells: 9/9 levels left

rFire    . . .     SeeInvis .   a - +1 flail
rCold    . . .     Gourm    .   c - +0 shield
rNeg     . . .     Faith    .   v - +0 plate armour
rPois    +         Spirit   .   (no helmet)
rElec    .         Reflect  +   j - +2 cloak {rPois}
rCorr    .         Harm     .   e - +1 pair of gloves {Dex+3}
MR       .....                  x - +0 pair of boots
Stlth    ..........             i - +3 amulet of reflection
HPRegen  0.22/turn              f - +2 ring of strength
MPRegen  0.12/turn              (no ring)

@: no status effects
A: blink, sturdy frame 1
a: Blink


You were on level 7 of the Dungeon.
You were not hungry.

You visited 1 branch of the dungeon, and saw 7 of its levels.

You collected 238 gold pieces.

Inventory:

Hand Weapons
 a - a +1 flail (weapon)
Armour
 c - a +0 shield (worn)
 e - a +1 pair of gloves of dexterity (worn)
 j - a +2 cloak of poison resistance (worn)
 v - a +0 plate armour (worn)
 x - a +0 pair of boots (worn)
Jewellery
 f - a +2 ring of strength (left hand)
 h - a +3 ring of protection {unknown}
 i - a +3 amulet of reflection (around neck)
 q - a +3 ring of strength
Wands
 n - a wand of iceblast (7/15)
 t - a wand of iceblast (7/15)
Scrolls
 k - 2 scrolls of identify
 l - 2 scrolls of teleportation
 w - 2 scrolls of remove curse
 y - a scroll of fear {unknown}
 z - a scroll of random uselessness {unknown}
 A - a scroll of immolation
 C - a scroll of noise {unknown}
 F - a scroll of fog {unknown}
Potions
 d - a potion of might
 m - a potion of flight {unknown}
 o - a potion of heal wounds {unknown}
 p - a potion of curing {unknown}
 s - a potion of mutation
 B - a potion of magic {unknown}
 E - a potion of agility {unknown}
Comestibles
 b - a bread ration
 u - a royal jelly
 D - a meat ration


   Skills:
 + Level 5.4 Fighting
 + Level 8.2 Maces & Flails
 + Level 5.5 Armour
 + Level 3.2 Dodging
 + Level 1.8 Stealth
 + Level 7.7 Shields
 + Level 0.2 Unarmed Combat


You had 9 spell levels left.
You didn't know any spells.

Dungeon Overview and Level Annotations

Branches:
Dungeon (7/15)
 Temple: D:4-7

Altars:
Cheibriados
Gozag
Wu Jian
The Shining One

Shops:
D:5 %


Innate Abilities, Weirdness & Mutations

You can translocate small distances at will.
Your movements are slightly less encumbered by armour. (ER -2)


Message History

You sock the orc!
You kill the orc!
You block the orc's attack.
You see here a short sword.
You completely miss the orc.
The orc priest looks braver for a moment.
You block the orc's attack.
You closely miss the orc. You block the orc's attack.
The orc priest calls down the wrath of Beogh upon you.
Pain shoots through your body!
* * * LOW HITPOINT WARNING * * *
Your plate armour prevents you from hitting the orc.
The orc closely misses you. You block the orc priest's attack.
You hit the orc.
The orc is moderately wounded.
The orc barely misses you. You block the orc priest's attack.
The orc closely misses you.
The orc priest mumbles some strange prayers to Beogh against you.
Pain shoots through your body!
You die...

#.##.# .##..... ####
#.##.# .#######
..#####.##.# .# ...
..#.##.# .# #.# #.#.##.#
#.# #.#.##.#
#.###....#.##########
#####.o........#.........
#.....o.@........########
#.##.###.###.)...####
#........# ##...##
#.##.##..# ##...#
..##.##[.# ###.#
<.......#.# ##
#.##.#..##)# #.[#.# #..
>.....# ##.


You could see an orc priest and an orc.

Vanquished Creatures
  The ghost of NOFUNALLOWED the Basher, a novice CeCK of Xom (D:7)
  Pikel (D:4)
  The ghost of NOFUNALLOWED the Cudgeler, an amateur CeCK of Xom (D:5)
  Sigmund (D:2)
  Menkaure (D:7)
  2 ice beasts
  An orc warrior (D:6)
  A black bear (D:6)
  3 bullfrogs
  2 scorpions
  2 crimson imps
  4 hounds
  A jelly (D:6)
  3 orc wizards
  An orc priest (D:3)
  Crazy Yiuf (D:2)
  An iguana (D:5)
  4 worker ants
  A hound skeleton (D:4)
  Robin (D:2)
  A gnoll (D:1)
  11 adders
  A shadow imp (D:6)
  3 oozes
  An adder skeleton (D:6)
  5 worms
  2 dart slugs
  2 leopard geckos
  21 orcs
  11 bats
  2 giant cockroaches
  12 goblins
  8 hobgoblins
  13 jackals
  4 kobolds
  A quokka (D:5)
  A ball python (D:2)
  4 frilled lizards
  6 rats
  A bush (D:2)
143 creatures vanquished.

Vanquished Creatures (others)
  A slave (D:5)
  A necrophage (D:5)
  A centaur (D:6)
  A goblin (D:3)
  A kobold (D:3)
5 creatures vanquished.

Grand Total: 148 creatures vanquished

Notes
Turn   | Place    | Note
-------+----------+-------------------------------------------
     0 | D:1      | zipzorp the Human Fighter began the quest for the Orb.
     0 | D:1      | Reached XP level 1. HP: 18/18 MP: 1/1
   179 | D:1      | Reached XP level 2. HP: 24/24 MP: 2/2
   270 | D:1      | Reached XP level 3. HP: 14/29 MP: 3/3
   626 | D:2      | Reached XP level 4. HP: 35/35 MP: 4/4
   875 | D:2      | Reached skill level 3 in Maces & Flails
  1065 | D:2      | Noticed Sigmund
  1100 | D:2      | Killed Sigmund
  1100 | D:2      | Reached skill level 4 in Maces & Flails
  1100 | D:2      | Reached XP level 5. HP: 25/42 MP: 5/5
  1100 | D:2      | Reached XP level 6. HP: 29/48 MP: 6/6
  1141 | D:2      | Found a snail-covered altar of Cheibriados.
  1279 | D:2      | Noticed Robin
  1323 | D:2      | Killed Robin
  1372 | D:2      | Reached skill level 1 in Dodging
  1391 | D:2      | Found a glowing golden altar of the Shining One.
  1970 | D:2      | Found a runed door.
  1974 | D:2      | Noticed Crazy Yiuf
  1981 | D:2      | Killed Crazy Yiuf
  2288 | D:3      | Reached XP level 7. HP: 53/53 MP: 7/7
  3162 | D:4      | Noticed Pikel
  3192 | D:4      | Killed Pikel
  3192 | D:4      | Reached skill level 5 in Maces & Flails
  3192 | D:4      | Reached skill level 5 in Shields
  3192 | D:4      | Reached XP level 8. HP: 34/60 MP: 8/8
  3419 | D:4      | Found an ornate altar of the Wu Jian Council.
  3533 | D:4      | Reached skill level 6 in Maces & Flails
  3596 | D:5      | Entered Level 5 of the Dungeon
  3920 | D:5      | Noticed NOFUNALLOWED's ghost (amateur CeCK)
  4058 | D:5      | Found Duituxt's Food Shop.
  4175 | D:5      | Killed NOFUNALLOWED's ghost
  4175 | D:5      | Reached XP level 9. HP: 63/66 MP: 9/9
  4252 | D:5      | Found an opulent altar of Gozag.
  4724 | D:6      | Reached skill level 7 in Maces & Flails
  4724 | D:6      | Reached skill level 5 in Armour
  4917 | D:6      | Reached skill level 1 in Stealth
  5522 | D:7      | Noticed Menkaure
  5529 | D:7      | Reached skill level 5 in Fighting
  5539 | D:7      | Killed Menkaure
  5585 | D:7      | Noticed NOFUNALLOWED's ghost (novice CeCK)
  5619 | D:7      | Killed NOFUNALLOWED's ghost
  5619 | D:7      | Reached skill level 8 in Maces & Flails
  5619 | D:7      | Reached XP level 10. HP: 10/74 MP: 10/10
  5678 | D:7      | Gained mutation: You can translocate small distances at will. [potion of mutation]
  5678 | D:7      | Gained mutation: Your movements are slightly less encumbered by armour. (ER -2) [potion of mutation]
  5726 | D:7      | Killed from afar by an orc priest

Vault maps used:
D:1:      lemuel_arrival_broad_hall
D:2:      tso_altar, lemuel_coloured_pillars_altar, uniq_sigmund, uniq_robin,
          uniq_crazy_yiuf_cottage
D:3:      first_bread
D:4:      old_standard_altar, uniq_pikel
D:5:      nicolae_overflow_hidden_temple, serial_shops, nicolae_shop_stone,
          kennysheep_another_room, nrook_pool_corridor
D:6:      hangedman_decor_growths
D:7:      zin_angel, makhleb_blood_cavern_becter, lemuel_round_altar,
          minmay_temple_entry_statues, serial_shops, shop, basic_altar,
          uniq_menkaure

Skill      XL: |  1  2  3  4  5  6  7  8  9 |
---------------+----------------------------+-----
Maces & Flails | 4 5 6 8 |  8.2
Shields        | 4 5 6 7 |  7.7
Dodging        | 1 2 3 |  3.2
Armour         | 4 5 |  5.5
Fighting       | 4 5 |  5.4
Stealth        | 1 |  1.8
Unarmed Combat | |  0.2

Action                   |  1- 3 |  4- 6 |  7- 9 | 10-12 || total
-------------------------+-------+-------+-------+-------++-------
Melee: Flail             |    61 |   248 |   380 |    12 ||   701
       Unarmed           |       |       |     9 |       ||     9
  Use: Scroll            |       |     5 |     7 |       ||    12
       Potion            |       |       |       |     3 ||     3
 Stab: Invisible         |       |       |     4 |       ||     4
  Eat: Bread ration      |     1 |     1 |     1 |       ||     3
       Meat ration       |       |       |     1 |       ||     1
Armor: Scale mail        |    64 |   109 |   106 |       ||   279
       Plate armour      |       |       |    68 |     6 ||    74
       Skin              |       |       |     5 |       ||     5
Dodge: Dodged            |    20 |    73 |   107 |     8 ||   208
Block: Shield            |    51 |   200 |   302 |    18 ||   571
       Reflection        |       |     3 |     4 |       ||     7
